 Dungeon Crawl Stone Soup version 0.22-a0-160-gcc81d7a (webtiles) character file.

575 Borgoz the Skirmisher (level 7, -1/61 HPs)
             Began as a Hill Orc Abyssal Knight on Feb 10, 2018.
             Was a Believer of Lugonu.
             Slain by a wight
             ... wielding a +3 battleaxe
              (14 damage)
             ... on level 5 of the Dungeon.
             The game lasted 00:08:52 (4527 turns).

Borgoz the Skirmisher (Hill Orc Abyssal Knight)     Turns: 4527, Time: 00:08:53

Health: -1/61      AC:  4    Str: 16    XL:     7   Next: 35%
Magic:  10/10      EV: 12    Int: 12    God:    Lugonu [**....]
Gold:   234        SH:  0    Dex: 11    Spells: 6/6 levels left

rFire    . . .     SeeInvis .   n - +0 war axe
rCold    . . .     Gourm    .   (no shield)
rNeg     . . .     Faith    .   d - +1 animal skin
rPois    .         Spirit   .   e - +0 helmet
rElec    .         Reflect  .   (no cloak)
rCorr    .         Harm     +   (no gloves)
MR       .....                  (no boots)
Stlth    +.........             q - amulet of harm
HPRegen  0.20/turn              i - ring of flight
MPRegen  0.12/turn              (no ring)

@: drained
A: no striking features
a: Depart the Abyss, Bend Space, Renounce Religion, Evoke Flight


You were on level 5 of the Dungeon.
You worshipped Lugonu.
Lugonu was pleased with you.
You were near starving.

You visited 1 branch of the dungeon, and saw 6 of its levels.
You visited the Abyss 1 time.

You collected 234 gold pieces.

Inventory:

Hand Weapons
 n - a +0 war axe (weapon)
Armour
 d - a +1 animal skin (worn)
 e - a +0 helmet (worn)
Jewellery
 i - a ring of flight (left hand)
 q - an amulet of harm (around neck)
Wands
 a - a wand of polymorph (10)
Scrolls
 f - 2 scrolls of fear
 h - 2 scrolls of enchant weapon {unknown}
 j - a scroll of immolation
 k - a scroll of identify
 l - 2 scrolls of noise
 m - 2 scrolls of remove curse
 p - a scroll of fog
Potions
 o - 3 potions of flight
Comestibles
 c - 8 rations


   Skills:
 + Level 5.4(4.8) Fighting
 + Level 5.2(4.6) Axes
 + Level 4.2(3.6) Armour
 + Level 2.7(2.1) Dodging
 + Level 5.1(4.4) Invocations


You had 6 spell levels left.
You didn't know any spells.

Dungeon Overview and Level Annotations

Branches:
Dungeon (6/15)
 Temple: D:4-7

Altars:
Sif Muna
Uskayaw

Annotations:
D:3 Sigmund


Message History

You barely miss the wight. The shadow imp closely misses you.
The wight hits you with an enchanted battleaxe!
You feel drained.
You hit the shadow imp.
You kill the shadow imp!
Lugonu accepts your kill.
You hit the wight.
The wight hits you with an enchanted battleaxe!
* * * LOW HITPOINT WARNING * * *
Unknown command.
You hit the wight.
The wight is almost destroyed.
The wight barely misses you.
You barely miss the wight.
The wight is almost destroyed.
The wight closely misses you.
You barely miss the wight.
The wight is almost destroyed.
The wight hits you with an enchanted battleaxe!
You die...

... ... ##.#
#####>..#
#......#
#......#
#.@....#####
#z..........
#......#####
#......#
########


You could see a wight.

Vanquished Creatures
  A necrophage (D:6)
  2 ogres (D:4)
  A bullfrog (D:5)
  2 wights (D:6)
  Robin (D:1)
  5 adders
  3 gnolls (D:3)
  A shadow imp (D:5)
  A worm (D:2)
  3 dart slugs
  A leopard gecko (D:2)
  4 orcs
  4 giant cockroaches
  14 goblins
  9 hobgoblins
  A quokka (D:3)
  7 bats
  5 frilled lizards
  4 kobolds
  6 rats
75 creatures vanquished.

Notes
Turn   | Place    | Note
-------+----------+-------------------------------------------
     0 | Abyss:1  | Borgoz the Hill Orc Abyssal Knight began the quest for the Orb.
     0 | Abyss:1  | Reached XP level 1. HP: 19/19 MP: 2/2
    68 | Abyss:1  | Found a sacrificial altar of Ru.
    72 | Abyss:1  | Noticed a tentacled starspawn
    75 | D:1      | Escaped the Abyss
   178 | D:2      | Noticed Robin
   343 | D:1      | Reached skill level 1 in Dodging
   343 | D:1      | Reached XP level 2. HP: 19/27 MP: 3/3
   436 | D:1      | Killed Robin
   544 | D:1      | Reached XP level 3. HP: 29/33 MP: 5/5
   544 | D:1      | Reached * piety under Lugonu
   623 | D:2      | Noticed a hand axe
   624 | D:2      | Noticed a dagger
   625 | D:2      | Found a hide-covered altar of Uskayaw.
   778 | D:2      | Reached XP level 4. HP: 28/40 MP: 6/6
  1616 | D:1      | Reached ** piety under Lugonu
  2668 | D:3      | Reached XP level 5. HP: 46/47 MP: 7/7
  2823 | D:3      | Noticed Sigmund
  3156 | D:4      | Noticed an ogre
  3162 | D:4      | Killed an ogre
  3435 | D:3      | Reached XP level 6. HP: 37/53 MP: 9/9
  3826 | D:4      | Reached skill level 5 in Fighting
  3853 | D:4      | Found a deep blue altar of Sif Muna.
  3923 | D:4      | You fall through a shaft for 2 floors!
  3966 | D:6      | Noticed a necrophage
  3977 | D:6      | Killed a necrophage
  3977 | D:6      | Reached skill level 5 in Axes
  3977 | D:6      | Reached XP level 7. HP: 24/61 MP: 10/10
  4258 | D:5      | Entered Level 5 of the Dungeon
  4261 | D:5      | Reached skill level 5 in Invocations
  4527 | D:5      | Slain by a wight

Vault maps used:
D:1:      dpeg_arrival_castle
D:2:      dancing_weapons_uskayaw, uniq_robin
D:3:      lemuel_round_altar, first_ration, minmay_misc_feat_nine_boxes,
          corexii_hall_statues_l, uniq_sigmund
D:4:      led_sif_pool
D:5:      serial_shops, shop
D:6:      lemuel_doored_altar

Skill      XL: |  1  2  3  4  5  6  7 |
---------------+----------------------+-----
Dodging        | 1 2 |  2.7
Axes           | 3 4 5 |  5.2
Fighting       | 4 5 |  5.4
Invocations    | 3 4 5 |  5.1
Armour         | 3 4 |  4.2

Action                   |  1- 3 |  4- 6 |  7- 9 || total
-------------------------+-------+-------+-------++-------
Melee: Hand axe          |    61 |   103 |       ||   164
       War axe           |       |    61 |    22 ||    83
Invok: Depart the Abyss  |     1 |       |       ||     1
  Use: Scroll            |     1 |     6 |       ||     7
       Potion            |       |     3 |       ||     3
 Stab: Sleeping          |       |     1 |       ||     1
  Eat: Chunk             |       |    10 |       ||    10
Armor: Leather armour    |     4 |       |       ||     4
       Animal skin       |    13 |    36 |     3 ||    52
       Skin              |       |    28 |       ||    28
Dodge: Dodged            |    59 |    89 |    22 ||   170

Table legend:
 A = Spawn XP
 B = Non-spawn XP
 C = Spawn XP percentage of total XP
 D = Spawn monster count
 E = Non-spawn monster count
 F = Spawn count percentage of total count
 G = Total turns spent on level
                    A         B        C        D         E        F      G
               +---------+---------+-------+---------+---------+-------+---------
         Total |       0 |     822 |   0.0 |       0 |      75 |   0.0 |  4527
               +---------+---------+-------+---------+---------+-------+---------
           D:1 |       0 |      65 |   0.0 |       0 |      29 |   0.0 |  1148
           D:2 |       0 |      86 |   0.0 |       0 |      21 |   0.0 |  1672
           D:3 |       0 |      71 |   0.0 |       0 |      11 |   0.0 |   403
           D:4 |       0 |     253 |   0.0 |       0 |       9 |   0.0 |   625
           D:5 |       0 |     107 |   0.0 |       0 |       2 |   0.0 |   267
           D:6 |       0 |     240 |   0.0 |       0 |       3 |   0.0 |   337
               +---------+---------+-------+---------+---------+-------+---------
